 Dungeon Crawl Stone Soup version 0.28.0-45-g0d030f2227 (webtiles) character file.

Game seed: 14608818310946214835

214 Peloso the Slasher (level 5, -3/47 HPs)
             Began as a Minotaur Fighter on Apr 21, 2022.
             Slain by a wyvern (16 damage)
             ... on level 4 of the Dungeon.
             The game lasted 00:04:20 (3532 turns).

Peloso the Slasher (Minotaur Fighter)               Turns: 3532, Time: 00:04:21

Health: -3/47      AC:  8    Str: 21    XL:     5   Next: 60%
Magic:  4/4        EV:  9    Int:  5    God:
Gold:   103        SH:  5    Dex: 11    Spells: 4/4 levels left

rFire   . . .      SeeInvis .   a - +1 long sword
rCold   + . .      Faith    .   c - +0 buckler
rNeg    . . .      Spirit   .   b - +0 scale mail
rPois   .          Reflect  .   (helmet restricted)
rElec   .          Harm     .   (no cloak)
rCorr   .          Rampage  .   (no gloves)
Will    .....                   f - +0 pair of boots
Stlth   ..........              (no amulet)
HPRegen 0.15/turn               h - ring of protection from cold
MPRegen 0.09/turn               (no ring)

@: no status effects
A: horns 2, retaliatory headbutt
a: no special abilities


You were on level 4 of the Dungeon.
You visited 1 branch of the dungeon, and saw 4 of its levels.

You collected 103 gold pieces.

Inventory:

Hand Weapons
 a - a +1 long sword (weapon)
Armour
 b - a +0 scale mail (worn)
 c - a +0 buckler (worn)
 f - a +0 pair of boots (worn)
Jewellery
 h - a ring of protection from cold (left hand)
Scrolls
 g - a scroll of enchant weapon
 l - 3 scrolls of teleportation
Potions
 d - 2 potions of might
 e - a potion of degeneration {unknown}
 i - a potion of flight {unknown}
 j - a potion of magic {unknown}
 k - 3 potions of curing {unknown}


   Skills:
 + Level 4.5 Fighting
 + Level 5.0 Long Blades
 + Level 4.6 Armour
 + Level 0.8 Dodging
 + Level 0.2 Stealth
 + Level 4.5 Shields


You had 4 spell levels left.
You didn't know any spells.
Your spell library contained the following spells:

 Spells                   Type           Power      Damage    Failure   Level
 Magic Dart               Conj           0%         1d3       88%         1
 Blink                    Tloc           0%         N/A       95%         2
 Call Imp                 Summ           0%         N/A       95%         2
 Ensorcelled Hibernation  Hex/Ice        0%         N/A       95%         2
 Call Canine Familiar     Summ           0%         N/A       99%         3
 Frozen Ramparts          Ice            0%         1d2       99%         3
 Lesser Beckoning         Tloc           0%         N/A       99%         3
 Mephitic Cloud           Conj/Pois/Air  0%         N/A       99%         3
 Portal Projectile        Hex/Tloc       0%         N/A       99%         3
 Spider Form              Tmut/Pois      0%         N/A       99%         3
 Anguish                  Hex/Necr       0%         N/A       100%        4
 Ice Form                 Ice/Tmut       0%         N/A       100%        4
 Leda's Liquefaction      Hex/Erth       0%         N/A       100%        4
 Summon Ice Beast         Ice/Summ       0%         N/A       100%        4
 Manifold Assault         Tloc           0%         N/A       100%        5


Dungeon Overview and Level Annotations

Branches:
Dungeon (4/15)
 Temple: D:4-7

Altars:
Nemelex Xobeh
Xom

Annotations:
D:3 2 runed translucent doors, 1 transporter


Innate Abilities, Weirdness & Mutations

You have a pair of horns on your head.
You reflexively headbutt those who attack you in melee.


Message History

You barely miss the scorpion. The scorpion stings you.
You are poisoned.
The scorpion poisons you!
You slash the scorpion!
The scorpion is heavily wounded.
You feel very sick. The scorpion closely misses you. The scorpion stings you.
You are more poisoned.
The scorpion poisons you!
You slash the scorpion!
The scorpion is almost dead.
You feel very sick. The scorpion stings you.
You slash the scorpion!
You kill the scorpion!
You feel very sick.
Your Long Blades skill increases to level 5!
You feel very sick.
You see here a scorpion corpse.
You feel sick.
You feel sick.
You feel sick.
You feel sick.
You feel sick.
You feel sick.
You feel sick.
You feel sick.
You are no longer poisoned.
A wyvern comes into view.
A wyvern is nearby!
A wyvern is nearby!
The wyvern bites you but does no damage.
You see here a scorpion corpse.
You closely miss the wyvern. Your headbutt misses the wyvern.
The wyvern bites you. The wyvern bites you!
* * * LOW HITPOINT WARNING * * *
You slash the wyvern!
The wyvern is moderately wounded.
You block the wyvern's attack. The wyvern bites you!
You die...

#### #####..#
#<.....########
#####..l@.....#
#..###.####
#..# .# #..# ..
#..# .## ...#
.# .$... ..
...## .#


You could see a wyvern.

Vanquished Creatures
  A scorpion (D:4)
  Terence (D:3)
  Natasha (D:3)
  3 adders
  A worm (D:2)
  A dart slug (D:3)
  2 orcs (D:3)
  5 endoplasms
  2 giant cockroaches (D:2)
  9 goblins
  11 hobgoblins
  4 jackals (D:1)
  5 ball pythons
  8 bats
  4 frilled lizards
  8 kobolds
  7 rats
73 creatures vanquished.

Notes
Turn   | Place    | Note
-------+----------+-------------------------------------------
     0 | D:1      | Peloso the Minotaur Fighter began the quest for the Orb.
     0 | D:1      | Reached XP level 1. HP: 19/19 MP: 0/0
   303 | D:1      | Found a faded altar of an unknown god.
   421 | D:1      | Reached XP level 2. HP: 27/27 MP: 1/1
  1058 | D:1      | Reached XP level 3. HP: 33/33 MP: 2/2
  1458 | D:2      | Reached skill level 3 in Long Blades
  1619 | D:2      | Found a shimmering altar of Xom.
  1774 | D:2      | Reached XP level 4. HP: 40/40 MP: 3/3
  2259 | D:3      | Noticed Natasha
  2272 | D:3      | Killed Natasha
  2549 | D:3      | Found a large runed translucent door.
  2550 | D:3      | Found a large runed translucent door.
  2557 | D:3      | Found a shimmering altar of Xom.
  2613 | D:3      | Reached skill level 4 in Long Blades
  2879 | D:3      | Noticed Terence
  2899 | D:3      | Killed Terence
  2900 | D:3      | Reached XP level 5. HP: 20/47 MP: 4/4
  3205 | D:3      | Found a sparkling altar of Nemelex Xobeh.
  3205 | D:3      | Found a transporter.
  3442 | D:4      | Reached skill level 5 in Long Blades
  3528 | D:4      | Noticed a wyvern
  3532 | D:4      | Slain by a wyvern

Illustrated notes

Levels and vault maps discovered:
D:1:      psy_arrival_whirlpool, layout_basic,
          hellmonk_ecumenical_altar_arch_garden
D:2:      layout_basic, basic_altar
D:3:      due_chaos_kobolds, layout_basic, grunt_nemelex_the_gamble,
          uniq_natasha, uniq_terence
D:4:      layout_basic, chequers_serial_rivers_micro_c, supply_closet_lemuel,
          st_stairs_13, uniq_duvessa, uniq_menkaure

Skill      XL: |  1  2  3  4  5 |
---------------+----------------+-----
Shields        | 4 |  4.5
Armour         | 4 |  4.6
Fighting       | 4 |  4.5
Long Blades    | 3 4 5 |  5.0
Dodging        | |  0.8
Stealth        | |  0.2

Action                   |  1- 3 |  4- 6 || total
-------------------------+-------+-------++-------
Melee: Long sword        |   108 |    68 ||   176
       Headbutt          |     9 |    11 ||    20
  Use: Scroll            |       |     5 ||     5
Armor: Scale mail        |    68 |    28 ||    96
Dodge: Dodged            |    46 |    27 ||    73
Block: Buckler           |    37 |    15 ||    52
